 Dungeon Crawl Stone Soup version 0.24-a0-639-gb70a11d811 (webtiles) character file.

Game seed: 11872781768487390549, levelgen mode: deterministic

279 Masnef the Slasher (level 6, -3/47 HPs)
             Began as a Human Gladiator on Sept 21, 2019.
             Slain by an ogre
             ... wielding a +0 giant spiked club
              (9 damage)
             ... on level 4 of the Dungeon.
             The game lasted 00:06:48 (3643 turns).

Masnef the Slasher (Human Gladiator)                Turns: 3643, Time: 00:06:48

Health: -3/47      AC:  6    Str: 16    XL:     6   Next: 52%
Magic:  6/6        EV: 12    Int:  9    God:
Gold:   157        SH:  0    Dex: 14    Spells: 5/5 levels left

rFire    . . .     SeeInvis .   a - +0 long sword
rCold    . . .     Gourm    .   (no shield)
rNeg     . . .     Faith    .   t - +0 ring mail
rPois    .         Spirit   .   c - +0 helmet
rElec    .         Reflect  .   (no cloak)
rCorr    .         Harm     .   (no gloves)
MR       .....                  (no boots)
Stlth    +.........             (no amulet)
HPRegen  0.15/turn              (no ring)
MPRegen  0.10/turn              (no ring)

@: no status effects
A: no striking features
a: no special abilities


You were on level 4 of the Dungeon.
You were very hungry.

You visited 1 branch of the dungeon, and saw 4 of its levels.

You collected 157 gold pieces.

Inventory:

Hand Weapons
 a - a +0 long sword (weapon)
 u - a cursed -3 hand axe
Missiles
 d - 3 throwing nets (quivered)
Armour
 b - a +0 leather armour
 c - a +0 helmet (worn)
 t - a +0 ring mail (worn)
Scrolls
 e - a scroll of remove curse
 g - a scroll of amnesia {unknown}
 h - a scroll of fog {unknown}
 j - a scroll of teleportation {unknown}
 l - 5 scrolls of identify {unknown}
 p - 3 scrolls of enchant weapon {unknown}
 s - 2 scrolls of fear {unknown}
Potions
 i - 3 potions of curing {unknown}
 k - 2 potions of mutation {unknown}
 m - a potion of might {unknown}
 n - a potion of lignification {unknown}
 q - 2 potions of haste {unknown}
 r - a potion of degeneration {unknown}
Comestibles
 f - 4 rations


   Skills:
 * Level 3.2 Fighting
 + Level 5.6 Long Blades
 - Level 2.0 Throwing
 + Level 4.0 Dodging


You had 5 spell levels left.
You didn't know any spells.
Your spell library was empty.

Dungeon Overview and Level Annotations

Branches:
Dungeon (4/15)
 Temple: D:4-7

Altars:
Dithmenos
Fedhas
Hepliaklqana
Nemelex Xobeh
Qazlal
Trog
Xom
The Shining One


Message History

a +0 falchion; an orc skeleton The ogre shouts!
Things that are here:
a +0 club; a +0 leather armour; an orc skeleton You are feeling very hungry.
You closely miss the ogre. The ogre closely misses you.
You hit the ogre.
The ogre is lightly wounded.
The ogre hits you with a +0 giant spiked club!
You hit the ogre.
The ogre is moderately wounded.
The ogre hits you with a +0 giant spiked club!!
Ouch! That really hurt!
* * * LOW HITPOINT WARNING * * *
You barely miss the ogre.
The ogre is moderately wounded.
You hit the ogre.
The ogre is moderately wounded.
The ogre hits you with a +0 giant spiked club!
You die...

#.. #.# #.# ## #.)###.#
#### #..###.
#......##...##
#......###.#).........##
........#....<.........#
..........#..[.........#
........###.....(......#
#..O................#
#.@........##...#.#
#.#).........?..# #
#..))#..........#
#......###.....(.....#
##..... #...........#
#...#. #..............
#...##.................
#..# .................#
#.# ...#..............


You could see an ogre.

Vanquished Creatures
  A bullfrog zombie (D:3)
  An orc priest (D:4)
  2 orc wizards (D:3)
  A worker ant (D:4)
  3 adders
  2 worms (D:2)
  A leopard gecko (D:3)
  16 orcs
  2 giant cockroaches
  8 hobgoblins
  18 jackals
  2 quokkas (D:3)
  6 bats
  A frilled lizard (D:1)
  6 goblins
  3 kobolds
  10 rats
83 creatures vanquished.

Notes
Turn   | Place    | Note
-------+----------+-------------------------------------------
     0 | D:1      | Masnef the Human Gladiator began the quest for the Orb.
     0 | D:1      | Reached XP level 1. HP: 16/16 MP: 1/1
   387 | D:1      | Reached XP level 2. HP: 18/22 MP: 2/2
  1116 | D:2      | Found a bloodstained altar of Trog.
  1117 | D:2      | Reached XP level 3. HP: 22/27 MP: 3/3
  1119 | D:2      | Found a blossoming altar of Fedhas.
  1119 | D:2      | Found a hazy altar of Hepliaklqana.
  1120 | D:2      | Found a shadowy altar of Dithmenos.
  1120 | D:2      | Found a stormy altar of Qazlal.
  1419 | D:2      | Found a shimmering altar of Xom.
  1423 | D:2      | Found a stormy altar of Qazlal.
  1423 | D:2      | Found a glowing golden altar of the Shining One.
  1425 | D:2      | Found an ornate altar of the Wu Jian Council.
  1425 | D:2      | Found a sacrificial altar of Ru.
  1425 | D:2      | Found a sparkling altar of Nemelex Xobeh.
  1601 | D:2      | Reached skill level 4 in Long Blades
  1617 | D:2      | Reached XP level 4. HP: 30/33 MP: 4/4
  2218 | D:3      | Reached XP level 5. HP: 23/39 MP: 5/5
  2330 | D:3      | Reached skill level 5 in Long Blades
  2745 | D:3      | Reached XP level 6. HP: 45/46 MP: 6/6
  3357 | D:4      | HP: 1/47 [orc/+0 falchion (2)]
  3632 | D:4      | Noticed an ogre
  3643 | D:4      | Slain by an ogre

Levels and vault maps discovered:
D:1:      dpeg_arrival_water_altar, layout_basic
D:2:      layout_basic, grunt_temple_overflow_open, doesnt_xom_only_xom
D:3:      layout_rooms, kennysheep_generic_room_16
D:4:      layout_rooms, kennysheep_windowed_goal

Skill      XL: |  1  2  3  4  5  6 |
---------------+-------------------+-----
Long Blades    | 4 5 |  5.6
Fighting       | 3 |  3.2
Dodging        | 4 |  4.0
Throwing       | |  2.0

Action                   |  1- 3 |  4- 6 || total
-------------------------+-------+-------++-------
Melee: Long sword        |    86 |   157 ||   243
  Use: Scroll            |     1 |       ||     1
 Stab: Sleeping          |     2 |     3 ||     5
  Eat: Chunk             |     2 |     6 ||     8
Armor: Leather armour    |    21 |    29 ||    50
       Ring mail         |       |    15 ||    15
Dodge: Dodged            |    75 |   136 ||   211
       Rpst.: Long sword |    20 |    33 ||    53

Table legend:
 A = Non-vault XP
 B = Vault XP
 C = Vault XP percentage of total XP
 D = Non-vault monster count
 E = Vault monster count
 F = Vault count percentage of total count
                 A         B        C        D         E       F
            +---------+---------+-------+---------+---------+-------
      Total |     394 |       5 |   1.3 |      80 |       3 |   3.6
            +---------+---------+-------+---------+---------+-------
        D:1 |      24 |       0 |   0.0 |      17 |       0 |   0.0
        D:2 |      54 |       0 |   0.0 |      19 |       0 |   0.0
        D:3 |     212 |       5 |   2.3 |      32 |       3 |   8.6
        D:4 |     104 |       0 |   0.0 |      12 |       0 |   0.0
            +---------+---------+-------+---------+---------+-------
